 Dungeon Crawl Stone Soup version 0.30-a0-1085-g990a428a5c (webtiles) character file.

Game seed: 10898028362994579280

575 Gynju the Cleaver (level 7, -1/57 HPs)
             Began as a Hill Orc Fighter on Apr 16, 2023.
             Splashed by a jelly's acid (6 damage)
             ... on level 4 of the Dungeon.
             The game lasted 00:04:53 (3469 turns).

Gynju the Cleaver (Hill Orc Fighter)                Turns: 3469, Time: 00:04:54

Health: -1/57      AC: -5    Str: 21    XL:     7   Next: 35%
Magic:  7/7        EV:  9    Int:  8    God:
Gold:   134        SH:  4    Dex: 10    Spells: 6/6 levels left

rFire   . . .      SeeInvis .    a - +0 war axe
rCold   . . .      Faith    .    c - +0 buckler
rNeg    . . .      Spirit   .    b - +0 scale mail
rPois   .          Reflect  .    u - +0 helmet
rElec   .          Rampage  .    l - +0 cloak
rCorr   .                        (no gloves)
Will    .....                    k - +0 pair of boots Stlth
                                 (no amulet)
HPRegen 0.29/turn                (no ring)
MPRegen 0.10/turn                (no ring)

@: corroded
A: no striking features
a: no special abilities


You were on level 4 of the Dungeon.
You visited 1 branch of the dungeon, and saw 4 of its levels.
You also visited: Sewer.

You collected 134 gold pieces.

Inventory:

Hand Weapons
 a - a +0 war axe (weapon)
Missiles
 y - 9 poisoned darts (quivered)
 C - a curare-tipped dart
Armour
 b - a +0 scale mail (worn)
 c - a +0 buckler (worn)
 k - a +0 pair of boots (worn)
 l - a +0 cloak (worn)
 u - a +0 helmet (worn)
Jewellery
 o - a ring of poison resistance
Scrolls
 e - a scroll of poison {unknown}
 f - 7 scrolls of teleportation {unknown}
 i - 2 scrolls of butterflies {unknown}
 p - 2 scrolls of identify {unknown}
 q - a scroll of fog {unknown}
 r - 3 scrolls of immolation {unknown}
 s - 2 scrolls of fear {unknown}
 t - 4 scrolls of magic mapping {unknown}
 v - a scroll of enchant armour {unknown}
 w - a scroll of blinking {unknown}
Potions
 d - 2 potions of might
 g - 2 potions of brilliance {unknown}
 h - a potion of mutation {unknown}
 j - a potion of ambrosia {unknown}
 m - a potion of heal wounds {unknown}
 n - a potion of flight {unknown}
 x - 2 potions of attraction {unknown}
 z - a potion of degeneration {unknown}
 A - a potion of curing {unknown}
 B - 3 potions of haste {unknown}


   Skills:
 - Level 3.6 Fighting
 * Level 10.3 Axes
 - Level 3.2 Armour
 - Level 3.2 Shields


You had 6 spell levels left.
You didn't know any spells.
Your spell library contained the following spells:

 Spells                   Type           Power      Damage    Failure   Level
 Sandblast                Erth           0%         2d4       83%         1
 Passwall                 Tmut/Erth      0%         N/A       93%         2
 Sublimation of Blood     Necr           0%         N/A       93%         2
 Wereblood                Tmut           0%         N/A       93%         2
 Portal Projectile        Hex/Tloc       0%         N/A       99%         3
 Stone Arrow              Conj/Erth      0%         3d7       99%         3
 Tukima's Dance           Hex            0%         N/A       99%         3
 Blade Hands              Tmut           0%         N/A       100%        5
 Iskenderun's Battlesphe  Conj           0%         2d6       100%        5
 Iron Shot                Conj/Erth      0%         9d1       100%        6
 Spellforged Servitor     Conj/Summ      0%         N/A       100%        7
 Summon Hydra             Summ           0%         N/A       100%        7


Dungeon Overview and Level Annotations

Branches:
Dungeon (4/15)              Sewer (visited)
 Temple: D:4-7

Altars:
Kikubaaqudgha

Shops:
D:2 *


Message History

You are too injured to fight recklessly!
You are too injured to fight recklessly!
You are too injured to fight recklessly!
You are too injured to fight recklessly!
You are too injured to fight recklessly!
You are too injured to fight recklessly!
You are too injured to fight recklessly!
You are too injured to fight recklessly!
You are too injured to fight recklessly!
You hit the jelly but do no damage. The acid corrodes you!
Your hands burn!
The jelly is heavily wounded.
The jelly hits you. The acid corrodes you!
You are splashed with acid.
The ball python bites you. The ball python grabs you.
The ball python constricts you.
You hit the jelly.
Your hands burn!
The jelly is severely wounded.
You closely miss the ball python. The jelly barely misses you.
The ball python bites you. The ball python constricts you.
You barely miss the jelly.
The jelly is severely wounded.
You hit the ball python. The ball python closely misses you.
The ball python constricts you. The jelly hits you.
You are splashed with acid!
* * * LOW HITPOINT WARNING * * *
You barely miss the jelly.
The jelly is severely wounded.
You closely miss the ball python. The ball python bites you.
* * * LOW HITPOINT WARNING * * *
The ball python constricts you.
* * * LOW HITPOINT WARNING * * *
The jelly barely misses you.
You hit the jelly but do no damage.
Your hands burn!
* * * LOW HITPOINT WARNING * * *
The jelly is severely wounded.
You slash the ball python!
You kill the ball python!
The jelly hits you.
* * * LOW HITPOINT WARNING * * *
You are splashed with acid.
You die...

....[..... .........#
#.#. ........## #... .
........# ###..#### ..
........#####.......#..
..........##.......>.##
.................?...!#
...)..................##
................@J.....$
#.......................
##..........#.......!...
#..........####.###....
##........## #... .$.
#..........# ##### ..
#..........# .
#..........#
#..........#


You could see a jelly.

Vanquished Creatures
  Sigmund (D:3)
  2 kobold brigands (Sewer)
  A jelly (D:4)
  2 hounds
  5 adders
  3 river rats (Sewer)
  5 worms
  2 dart slugs (D:1)
  6 orcs (D:4)
  9 ball pythons
  7 endoplasms
  3 giant cockroaches
  10 goblins
  7 hobgoblins
  8 jackals (D:2)
  11 kobolds
  2 quokkas
  4 bats
  3 frilled lizards
  13 rats
104 creatures vanquished.

Notes
Turn   | Place    | Note
-------+----------+-------------------------------------------
     0 | D:1      | Gynju the Hill Orc Fighter began the quest for the Orb.
     0 | D:1      | Reached XP level 1. HP: 19/19 MP: 1/1
    40 | D:1      | Reached skill level 3 in Axes
   103 | D:1      | Reached XP level 2. HP: 25/26 MP: 2/2
   492 | D:1      | Reached skill level 4 in Axes
   739 | D:1      | Reached XP level 3. HP: 31/31 MP: 3/3
  1027 | D:2      | Found Plog's Assorted Antiques.
  1088 | D:2      | Reached skill level 5 in Axes
  1389 | D:2      | Reached XP level 4. HP: 17/39 MP: 4/4
  1534 | D:2      | Found a faded altar of an unknown god.
  1688 | D:2      | Reached skill level 6 in Axes
  1911 | D:3      | Identified the +0 robe of the Banana {Str+4 Int+2 Dex+2}
  2033 | D:3      | Found an ancient bone altar of Kikubaaqudgha.
  2160 | D:3      | Noticed Sigmund
  2176 | D:3      | Killed Sigmund
  2177 | D:3      | Reached skill level 8 in Axes
  2177 | D:3      | Reached XP level 5. HP: 45/45 MP: 5/5
  2177 | D:3      | Reached XP level 6. HP: 51/51 MP: 6/6
  2643 | D:3      | Reached skill level 9 in Axes
  2656 | D:4      | Found a glowing drain.
  2668 | Sewer    | Entered a sewer
  3144 | Sewer    | Reached XP level 7. HP: 39/57 MP: 7/7
  3158 | Sewer    | Reached skill level 10 in Axes
  3469 | D:4      | Splashed by a jelly's acid

Illustrated notes

Levels and vault maps discovered:
D:1:      saegor_arrival_simple_b, layout_basic, serial_curves, eino_curves_02,
          eino_curves_03, eino_curves_01
D:2:      layout_basic, hellmonk_ecumenical_altar_prayer_group, serial_shops,
          nicolae_shop_window_shopping, st_stairs_4, minmay_pentomino_u2
D:3:      layout_loops_ring, nicolae_kikubaaqudgha_miasma_corner, serial_glass,
          glass_columns_a, glass_columns_c, uniq_sigmund
D:4:      layout_rooms, minmay_temple_entry_purple_smoke, portal_sewer_entry_d

Skill      XL: |  1  2  3  4  5  6  7 |
---------------+----------------------+-----
Axes           | 3 4 5 8 9 10 | 10.3
Fighting       | |  3.6
Armour         | |  3.2
Shields        | |  3.2

Action                     |  1- 3 |  4- 6 |  7- 9 || total
---------------------------+-------+-------+-------++-------
  Melee: War axe           |   105 |   186 |    28 ||   319
    Use: Potion            |       |     1 |       ||     1
 Armour: Scale mail        |    41 |    87 |     9 ||   137
  Dodge: Dodged            |    56 |    75 |     7 ||   138
  Block: Buckler           |    19 |    35 |     2 ||    56

Table legend: (Time is in decaauts)
 A = Elapsed time spent in this place.
 B = Non-inter-level travel time spent in this place.
 C = Inter-level travel time spent in this place.
 D = Time resting spent in this place.
 E = Time spent auto-exploring this place.
 F = Levels seen in this place.
 G = Mean time per level.
                   A        B        C        D        E       F      G
               +--------+--------+--------+--------+--------+-----+--------+
         Total |   3632 |   3491 |    141 |      0 |   2606 |   5 |  726.4 |
       Dungeon |   2780 |   2639 |    141 |      0 |   2037 |   4 |  695.0 |
         Sewer |    851 |    851 |      0 |      0 |    568 |   1 |  851.0 |
               +--------+--------+--------+--------+--------+-----+--------+

Top non-repeatable levels by time:
     D:1: 998 daAuts
     D:2: 930 daAuts
   Sewer: 851 daAuts
     D:3: 748 daAuts
     D:4: 103 daAuts
